cohdb
Replays
Latest Replays
All Replays
Popular Replays
Top Player Replays
Match Explorer
How It Works
Community
CoH3 Stats
Reddit
Sign in to upload your games and track your stats! →
Sign in with Steam
Match 41112491
Unlisted
Match 41112491
Overview
Messages
Build Orders
End
Kettenkrad Recon Vehicle
Construct Infanterie Kompanie
MG 42 Machine Gun Team
Grenadier Squad
Grenadier Squad
Construct Panzergrenadier Kompanie
Panzergrenadier Squad
Selects Breakthrough Battlegroup
Selects Assault Grenadiers
Selects Breakthrough
Breakthrough
Pak 40 Anti-tank Gun Team
Pak 40 Anti-tank Gun Team
Medical Station
Swan
eliass0101
*Mule
FeriG
0
0
Comments
sign in to comment!
No comments posted yet!